 Dungeon Crawl Stone Soup version 0.27.1-2-g3b301248ec (webtiles) character file.

Game seed: 10725687836212314059

181 pkoi the Slasher (level 5, 0/45 HPs)
             Began as a Minotaur Fighter on Sept 30, 2021.
             Slain by an adder zombie (2 damage)
             ... in an ossuary.
             The game lasted 00:02:31 (2254 turns).

pkoi the Slasher (Minotaur Fighter)                 Turns: 2254, Time: 00:02:31

Health: 0/45       AC: 11    Str: 21    XL:     5   Next: 34%
Magic:  4/4        EV:  7    Int:  5    God:
Gold:   79         SH: 10    Dex: 10    Spells: 4/4 levels left

rFire    . . .     SeeInvis .   a - +1 long sword
rCold    . . .     Faith    .   c - +0 kite shield
rNeg     . . .     Spirit   .   b - +0 scale mail
rPois    .         Reflect  .   (helmet restricted)
rElec    .         Harm     .   (no cloak)
rCorr    .         Rampage  .   k - +0 pair of gloves
Will     .....                  i - +2 pair of boots
Stlth    ..........             (no amulet)
HPRegen  0.15/turn              (no ring)
MPRegen  0.09/turn              (no ring)

@: marked
A: horns 2, retaliatory headbutt
a: no special abilities


You were in an ossuary.
You visited 1 branch of the dungeon, and saw 4 of its levels.
You also visited: Ossuary.

You collected 79 gold pieces.

Inventory:

Hand Weapons
 a - a +1 long sword (weapon)
Armour
 b - a +0 scale mail (worn)
 c - a +0 kite shield (worn)
 i - a +2 pair of boots (worn)
 k - a +0 pair of gloves (worn)
Jewellery
 e - a ring of magical power
Scrolls
 h - a scroll of vulnerability {unknown}
Potions
 d - 3 potions of might
 f - a potion of degeneration {unknown}
 g - a potion of flight
 j - 2 potions of lignification {unknown}


   Skills:
 - Level 3.6 Fighting
 * Level 5.7 Long Blades
 - Level 3.6 Armour
 + Level 5.1 Shields


You had 4 spell levels left.
You didn't know any spells.
Your spell library was empty.

Dungeon Overview and Level Annotations

Branches:
Dungeon (3/15)            Ossuary (1/1)

Altars:


Innate Abilities, Weirdness & Mutations

You have a pair of horns on your head.
You reflexively headbutt those who attack you in melee.


Message History

The human zombie is severely damaged.
You block the centaur zombie's attack. x2; You block the adder zombie's attack.
The human zombie hits you.
* * * LOW HITPOINT WARNING * * *
You block the centaur zombie's attack.
The centaur zombie kicks you but does no damage.
You slash the human zombie!
The human zombie is almost destroyed.
You block the adder zombie's attack. The centaur zombie barely misses you.
You furiously retaliate!
You headbutt the centaur zombie!
You riposte.
You hit the centaur zombie. You headbutt the centaur zombie.
The centaur zombie is almost destroyed.
You block the centaur zombie's attack. The human zombie closely misses you.
You riposte.
You barely miss the human zombie.
The human zombie is almost destroyed.
The adder zombie bites you but does no damage.
You hit the human zombie. You headbutt the human zombie.
The human zombie is almost destroyed.
The centaur zombie barely misses you. You block the centaur zombie's attack.
The adder zombie bites you but does no damage.
The human zombie hits you but does no damage.
The centaur zombie barely misses you. The centaur zombie closely misses you.
Unknown command.
You hit the human zombie.
The human zombie is almost destroyed.
The adder zombie barely misses you. You furiously retaliate!
You headbutt the adder zombie, but do no damage.
The centaur zombie hits you.
* * * LOW HITPOINT WARNING * * *
The centaur zombie kicks you but does no damage.
You block the human zombie's attack. The adder zombie barely misses you.
You block the centaur zombie's attack. The centaur zombie barely misses you.
You slash the human zombie!
You destroy the human zombie!
You block the centaur zombie's attack. x2; The adder zombie barely misses you.
Unknown command.
You slash the centaur zombie!
You destroy the centaur zombie!
The adder zombie bites you.
You die...

##################
..............ZZ@#
...............Z.#
.....8..8.....ZZZ#
.......Z.......ZZ#
######MM######...#
# #..# #...# #
#Z.# #...# # #Z.#
#...# # .... #...#


You could see an adder zombie, 2 rat zombies, a hobgoblin zombie, 2 kobold
zombies, an orc zombie and a human zombie.

Vanquished Creatures
  A human zombie (Ossuary)
  2 centaur zombies (Ossuary)
  2 mummies (Ossuary)
  A gnoll (D:1)
  2 adders (D:2)
  2 adder zombies (Ossuary)
  A dart slug (D:1)
  6 bats
  2 endoplasms (D:1)
  A giant cockroach (D:3)
  3 hobgoblins
  8 jackals
  4 kobolds
  3 quokkas (D:1)
  2 ball pythons (D:1)
  2 frilled lizards
  3 goblins
  5 hobgoblin zombies (Ossuary)
  A jackal zombie (Ossuary)
  11 kobold zombies (Ossuary)
  6 orc zombies (Ossuary)
  6 rats
74 creatures vanquished.

Vanquished Creatures (others)
  A plant (D:1)
1 creature vanquished.

Grand Total: 75 creatures vanquished

Notes
Turn   | Place    | Note
-------+----------+-------------------------------------------
     0 | D:1      | pkoi the Minotaur Fighter began the quest for the Orb.
     0 | D:1      | Reached XP level 1. HP: 19/19 MP: 0/0
   234 | D:1      | Reached XP level 2. HP: 17/26 MP: 1/1
   725 | D:1      | Reached XP level 3. HP: 24/31 MP: 2/2
  1271 | D:2      | Found a faded altar of an unknown god.
  1889 | D:3      | Reached XP level 4. HP: 39/39 MP: 3/3
  2085 | D:3      | You fall into a shaft and drop 2 floors!
  2085 | D:5      | Entered Level 5 of the Dungeon
  2090 | D:5      | Found a sand-covered staircase.
  2095 | Ossuary  | Entered an ossuary
  2220 | Ossuary  | Reached skill level 5 in Long Blades
  2244 | Ossuary  | Reached XP level 5. HP: 17/45 MP: 4/4
  2246 | Ossuary  | HP: 2/45 [mummy (14)]
  2249 | Ossuary  | Reached skill level 5 in Shields
  2252 | Ossuary  | HP: 2/45 [centaur zombie (1)]
  2254 | Ossuary  | Slain by an adder zombie

Illustrated notes

Levels and vault maps discovered:
D:1:      roderic_crop_circles_arrival_small, layout_loops_ring,
          minmay_statues_item
D:2:      layout_basic, basic_ecumenical_altar
D:3:      layout_basic, uniq_crazy_yiuf_cottage
D:5:      layout_loops_corners, minmay_temple_entry_statues_fountains,
          nicolae_ossuary_entry_plus
Ossuary:  ossuary_tomb_1

Skill      XL: |  1  2  3  4  5 |
---------------+----------------+-----
Long Blades    | 3 4 5 |  5.7
Shields        | 4 5 |  5.1
Fighting       | |  3.6
Armour         | |  3.6

Action                   |  1- 3 |  4- 6 || total
-------------------------+-------+-------++-------
Melee: Long sword        |    83 |    85 ||   168
       Headbutt          |    12 |    13 ||    25
  Use: Scroll            |     4 |       ||     4
Armor: Scale mail        |    36 |   101 ||   137
Dodge: Dodged            |    21 |    45 ||    66
Block: Kite shield       |    44 |    73 ||   117
       Rpst.: Long sword |     4 |    10 ||    14
